 Dungeon Crawl Stone Soup version 0.23.0 (webtiles) character file.

Game seed: 3200652371327923593

4686 catcat the Grappler (level 10, 0/87 (88) HPs)
             Began as a Troll Fighter on Feb 23, 2019.
             Was a High Priest of Okawaru.
             Slain by a porcupine (7 damage)
             ... on level 1 of the Lair of Beasts.
             The game lasted 00:18:31 (6350 turns).

catcat the Grappler (Troll Fighter)                 Turns: 6350, Time: 00:18:31

HP:   0/87 (88)     AC: 13    Str: 26    XL:     10   Next: 21%
MP:   9/9           EV: 10    Int:  4    God:    Okawaru [*****.]
Gold: 335           SH: 12    Dex: 12    Spells: 9/9 levels left

rFire    . . .     SeeInvis .     - Unarmed
rCold    . . .     Gourm    +   b - +1 shield
rNeg     . . .     Faith    .   h - +2 robe
rPois    .         Spirit   .   (helmet restricted)
rElec    .         Reflect  .   (no cloak)
rCorr    .         Harm     .   (gloves unavailable)
MR       .....                  (boots unavailable)
Stlth    ..........             (no amulet)
HPRegen  0.64/turn              H - ring "Cediv" {Slay+2 Stlth-}
MPRegen  0.11/turn              A - +5 ring of protection

@: lethally poisoned (0 -> -9)
A: large, unfitting armour, claws 3, fast metabolism 3, gourmand, regeneration
1, shaggy fur 1, tough skin 3
a: Heroism, Finesse, Renounce Religion


You were on level 1 of the Lair of Beasts.
You worshipped Okawaru.
Okawaru was extremely pleased with you.
You were very full.

You visited 3 branches of the dungeon, and saw 11 of its levels.

You collected 335 gold pieces.

Inventory:

Hand Weapons
 y - a +1 flail of protection
Armour
 a - a +0 robe
 b - a +1 shield (worn)
 h - a +2 robe (worn)
Jewellery
 m - a +4 ring of dexterity
 p - a +3 ring of protection
 A - a +5 ring of protection (right claw)
 H - the ring "Cediv" (left claw) {Slay+2 Stlth-}
   (You found it on level 7 of the Dungeon)

   [ring of attention]

   It affects your accuracy and damage with ranged weapons and melee attacks
   (+2).
   It makes you less stealthy.
 K - a +1 ring of evasion {unknown}
Wands
 r - a wand of acid (8)
 t - a wand of disintegration (31)
 w - a wand of iceblast (7)
 D - a wand of enslavement (8)
Scrolls
 e - a scroll of magic mapping
 g - 2 scrolls of random uselessness {unknown}
 i - 2 scrolls of identify
 j - 3 scrolls of teleportation
 k - a scroll of enchant armour
 l - 8 scrolls of enchant weapon
 o - 3 scrolls of noise
 u - a scroll of fog
 x - a scroll of blinking
 C - 3 scrolls of remove curse
 E - a scroll of amnesia
 I - a scroll of torment
Potions
 c - 4 potions of might
 f - 2 potions of ambrosia
 n - a potion of lignification
 q - 2 potions of invisibility
 s - a potion of resistance
 v - 2 potions of curing
 z - a potion of brilliance
 B - a potion of heal wounds
 F - a potion of degeneration
 G - a potion of cancellation
 L - a potion of agility {unknown}
Comestibles
 d - 25 rations
 J - 5 chunks of flesh


   Skills:
 - Level 2.4 Fighting
 - Level 2.4 Dodging
 * Level 9.1 Shields
 - Level 11.0 Unarmed Combat


You had 9 spell levels left.
You didn't know any spells.
Your spell library contained the following spells:

 Spells                   Type           Power        Failure   Level  Hunger
 Corona                   Hex            #......      50%         1    ##.....
 Magic Dart               Conj           #...         50%         1    ##.....
 Shock                    Conj/Air       #...         50%         1    ##.....
 Blink                    Tloc           N/A          65%         2    ###....
 Call Imp                 Summ           #.......     65%         2    ###....
 Ensorcelled Hibernation  Hex/Ice        #.....       65%         2    ###....
 Slow                     Hex            #.......     65%         2    ###....
 Swiftness                Chrm/Air       #.......     65%         2    ###....
 Confuse                  Hex            #.......     86%         3    ####...
 Conjure Flame            Conj/Fire      #.......     86%         3    ####...
 Dazzling Spray           Conj/Hex       #.....       86%         3    ####...
 Mephitic Cloud           Conj/Pois/Air  #.......     86%         3    ####...
 Static Discharge         Conj/Air       #.......     86%         3    ####...
 Tukima's Dance           Hex            #.......     86%         3    ####...
 Airstrike                Air            #.........   99%         4    #####..
 Borgnjor's Vile Clutch   Necr/Erth      #.........   100%        5    ######.
 Lightning Bolt           Conj/Air       #.........   100%        5    ######.
 Silence                  Hex/Air        #.........   100%        5    ######.
 Darkness                 Hex            #.........   100%        6    #######
 Shadow Creatures         Summ           N/A          100%        6    #######


Dungeon Overview and Level Annotations

Branches:
Dungeon (8/15)             Temple (1/1) D:4            Lair (2/6) D:8
  Swamp: Lair:2-4    Shoals: Lair:2-4     Snake: Lair:2-4    Spider: Lair:2-4

Altars:
Ashenzari
Cheibriados
Dithmenos
Elyvilon
Fedhas
Gozag
Hepliaklqana
Nemelex Xobeh
Okawaru
Trog
Uskayaw
Xom

Shops:
D:5 [


Innate Abilities, Weirdness & Mutations

You are too large for most types of armour.
You have claws for hands.
Your metabolism is lightning-fast.
You like to eat raw meat.
Your natural rate of healing is unusually fast.
You are covered in fur. (AC +1)
You have extremely tough skin. (AC +3)


Message History

Okawaru will now gift you equipment as you gain piety.
Your Shields skill increases to level 9!
You feel sick. The porcupine bites you.
You closely miss the porcupine.
You feel sick. The porcupine barely misses you.
You are struck by the porcupine's spines.
* * * LOW HITPOINT WARNING * * *
You scratch the porcupine.
The porcupine is lightly wounded.
You feel sick. You block the porcupine's attack.
You are struck by the porcupine's spines.
* * * LOW HITPOINT WARNING * * *
You miss the porcupine.
The porcupine is lightly wounded.
* * * LOW HITPOINT WARNING * * *
You feel sick. The porcupine completely misses you.
You closely miss the porcupine.
The porcupine is lightly wounded.
* * * LOW HITPOINT WARNING * * *
You feel sick. The porcupine bites you!
You die...

######.###.###P#
...................
...................
.....[..............
#.##.##.##...#.#..##
....................
..........r.........
.........†@........
###....#########P.
##...## #P...# ##...#
#...P
####...###########...
......................
.....................
.....................


You could see a porcupine.

Vanquished Creatures
  A black mamba (Lair:1)
  A spiny frog (Lair:1)
  6 yaks
  A hungry ghost (D:7)
  2 soldier ants (D:8)
  Edmund (D:4)
  A porcupine (Lair:1)
  An orc warrior (D:7)
  A sky beast (D:7)
  A black bear (D:6)
  A necrophage (D:8)
  2 ogres
  2 phantoms
  3 crocodiles
  2 centaurs
  Blork the orc (D:4)
  2 bullfrogs
  2 scorpions
  5 crimson imps
  5 hounds
  A jelly (D:5)
  A centaur skeleton (D:4)
  4 orc priests
  4 orc wizards
  A gnoll shaman (D:8)
  8 worker ants
  3 iguanas
  7 gnolls
  A howler monkey skeleton (D:5)
  14 adders
  3 oozes
  An adder skeleton (D:4)
  An adder zombie (D:8)
  2 worms
  4 dart slugs
  5 leopard geckos
  24 orcs
  2 ball pythons (D:3)
  8 bats
  7 giant cockroaches
  7 goblins
  8 hobgoblins
  12 jackals
  2 quokkas
  8 frilled lizards
  A giant cockroach zombie (D:5)
  5 kobolds
  A quokka skeleton (D:8)
  12 rats
198 creatures vanquished.

Notes
Turn   | Place    | Note
-------+----------+-------------------------------------------
     0 | D:1      | catcat the Troll Fighter began the quest for the Orb.
     0 | D:1      | Reached XP level 1. HP: 22/22 MP: 0/0
   273 | D:1      | Reached XP level 2. HP: 29/29 MP: 1/1
   350 | D:1      | Reached skill level 3 in Unarmed Combat
   643 | D:2      | Reached XP level 3. HP: 36/36 MP: 2/2
   747 | D:2      | Reached skill level 4 in Unarmed Combat
   865 | D:2      | Reached XP level 4. HP: 44/44 MP: 3/3
  1393 | D:3      | Reached skill level 5 in Unarmed Combat
  1559 | D:3      | Reached XP level 5. HP: 50/50 MP: 4/4
  2127 | D:4      | Noticed a phantom
  2135 | D:4      | Noticed Blork the orc
  2147 | D:4      | Killed a phantom
  2147 | D:4      | Reached skill level 6 in Unarmed Combat
  2155 | D:4      | Killed Blork the orc
  2155 | D:4      | Reached XP level 6. HP: 46/59 MP: 5/5
  2207 | D:4      | Found a staircase to the Ecumenical Temple.
  2242 | Temple   | Entered the Ecumenical Temple
  2251 | Temple   | Became a worshipper of Warmaster Okawaru
  2338 | D:4      | Reached skill level 7 in Unarmed Combat
  2678 | D:4      | Reached XP level 7. HP: 66/66 MP: 6/6
  2842 | D:4      | Reached * piety under Okawaru
  2847 | D:4      | Reached skill level 8 in Unarmed Combat
  2874 | D:4      | Noticed Edmund
  2901 | D:4      | Killed Edmund
  3105 | D:5      | Entered Level 5 of the Dungeon
  3186 | D:5      | Reached skill level 9 in Unarmed Combat
  3633 | D:5      | Reached XP level 8. HP: 69/74 MP: 7/7
  3781 | D:5      | Reached ** piety under Okawaru
  3796 | D:5      | Found Zarghen's Armour Shop.
  3815 | D:5      | Reached skill level 10 in Unarmed Combat
  3911 | D:5      | Found a shattered altar of Ashenzari.
  3915 | D:5      | Saw a vision of the Swamp and the Snake Pit.
  3915 | D:5      | Noticed a black mamba
  3915 | D:5      | Noticed a black mamba
  3915 | D:5      | Noticed a black mamba
  3915 | D:5      | Noticed a black mamba
  3915 | D:5      | Noticed a black mamba
  3915 | D:5      | Noticed a salamander
  3915 | D:5      | Noticed a black mamba
  3915 | D:5      | Noticed a mana viper
  3916 | D:5      | Noticed a shock serpent
  3917 | D:5      | Noticed an alligator
  4845 | D:7      | Reached skill level 11 in Unarmed Combat
  5128 | D:7      | Reached XP level 9. HP: 63/80 MP: 8/8
  5166 | D:7      | Found a hazy altar of Hepliaklqana.
  5169 | D:7      | Found a blossoming altar of Fedhas.
  5170 | D:7      | Found a shimmering altar of Xom.
  5175 | D:7      | Found a snail-covered altar of Cheibriados.
  5247 | D:7      | Got a brightly glowing ivory ring
  5276 | D:7      | Identified the ring "Cediv" {Slay+2 Stlth-} (You found it
                  | on level 7 of the Dungeon)
  5359 | D:7      | Reached *** piety under Okawaru
  5458 | D:8      | Reached skill level 5 in Shields
  5819 | D:8      | Found a staircase to the Lair.
  6066 | Lair:1   | Entered Level 1 of the Lair of Beasts
  6112 | Lair:1   | Noticed a black mamba
  6116 | Lair:1   | Killed a black mamba
  6116 | Lair:1   | Reached **** piety under Okawaru
  6218 | Lair:2   | Reached XP level 10. HP: 80/87 MP: 9/9
  6329 | Lair:1   | Noticed a spiny frog
  6346 | Lair:1   | Killed a spiny frog
  6346 | Lair:1   | Reached ***** piety under Okawaru
  6350 | Lair:1   | Slain by a porcupine

Skill      XL: |  1  2  3  4  5  6  7  8  9 10 |
---------------+-------------------------------+-----
Unarmed Combat | 3 4 5 6 7 9 11 | 11.0
Shields        | 4 8 9 |  9.1
Fighting       | |  2.4
Dodging        | |  2.4

Action                   |  1- 3 |  4- 6 |  7- 9 | 10-12 || total
-------------------------+-------+-------+-------+-------++-------
Melee: Unarmed           |   100 |   185 |   386 |    23 ||   694
  Use: Scroll            |       |       |    19 |       ||    19
 Stab: Sleeping          |       |     1 |     2 |       ||     3
  Eat: Chunk             |    14 |    16 |    33 |     1 ||    64
       Ration            |       |       |     1 |       ||     1
Armor: Robe              |    29 |    73 |   128 |     7 ||   237
Dodge: Dodged            |    26 |    55 |   109 |    10 ||   200
Block: Shield            |    35 |    85 |   138 |    11 ||   269
